 Dungeon Crawl Stone Soup version 0.26-a0-712-ga5a9c9c9d0 (webtiles) character file.

Game seed: 10658369502590239863

72 kae the Insei (level 4, -4/25 HPs)
             Began as a Tengu Transmuter on Nov 13, 2020.
             Slain by Sigmund
             ... wielding a +0 scythe
              (8 damage)
             ... on level 2 of the Dungeon.
             The game lasted 00:00:47 (2491 turns).

kae the Insei (Tengu Transmuter)                    Turns: 2491, Time: 00:00:48

Health: -4/25      AC:  2    Str: 11    XL:     4   Next: 26%
Magic:  5/8        EV: 20    Int: 14    God:
Gold:   39         SH:  0    Dex: 19    Spells: 3/7 levels left

rFire    . . .     SeeInvis .     - Unarmed
rCold    . . .     Faith    .   (shield currently unavailable)
rNeg     . . .     Spirit   .   (armour currently unavailable)
rPois    x         Reflect  .   (helmet currently unavailable)
rElec    .         Harm     .   (cloak currently unavailable)
rCorr    .         Rampage  .   (gloves currently unavailable)
MR       .....                  (boots unavailable)
Stlth    ++........             (no amulet)
HPRegen  0.08/turn              (no ring)
MPRegen  0.11/turn              (no ring)

@: spider-form (expiring)
A: tiny
a: End Transformation


You were on level 2 of the Dungeon.
You were a venomous arachnid creature.
You visited 1 branch of the dungeon, and saw 2 of its levels.

You collected 39 gold pieces.

Inventory:

Armour
 a - a +0 robe (melded)
Scrolls
 b - 2 scrolls of remove curse
 e - a scroll of blinking {unknown}
 f - 2 scrolls of identify {unknown}
 g - a scroll of teleportation {unknown}
 i - a scroll of magic mapping {unknown}
Potions
 c - 3 potions of cancellation {unknown}
 d - a potion of mutation {unknown}
 h - 2 potions of invisibility {unknown}


   Skills:
 - Level 1.0 Fighting
 - Level 2.1 Dodging
 + Level 4.1 Unarmed Combat
 - Level 2.0 Spellcasting
 * Level 3.1 Transmutations


You had 3 spell levels left.
You knew the following spells:

 Your Spells              Type           Power        Failure   Level
a - Beastly Appendage     Tmut           ##....       19%         1
b - Spider Form           Tmut/Pois      #.........   58%         3

Your spell library contained the following spells:

 Spells                   Type           Power        Failure   Level
 Wereblood                Tmut           ##......     24%         2
 Ice Form                 Ice/Tmut       #.......     90%         4
 Blade Hands              Tmut           ##........   96%         5


Dungeon Overview and Level Annotations

Branches:
Dungeon (2/15)

Altars:

Annotations:
D:2 Sigmund


Innate Abilities, Weirdness & Mutations

((You have a beak for a mouth.))
((You have claws for feet.))


Message History

[Y]es or [N]o only, please.
The spell is extremely dangerous to cast (36% risk of failure)!
Continue anyway?
Your horns disappear.
You turn into a venomous arachnid creature.
Your +0 robe melds into your body.
Something hits you!
You barely miss something. You hit something.
You hear some strange, mumbled words.
Something tries to affect you, but you resist.
You barely miss something.
You hear some strange, mumbled words.
A magic dart appears from out of thin air!
The magic dart hits you!
* * * LOW HITPOINT WARNING * * *
You barely miss something.
Your transformation is almost over.
Something barely misses you.
You closely miss something. You barely miss something. Something hits you!
You die...

# #.# ##...## # #.# #.# ##.## #
##.## #.# #.# #...# #.# #.# #.#.#
... ##'## #...# #.# ##...##
####.## #.# ##.....## ##)##.#
######{## ##.......#
#...#.#####.....s.####.........##
......)..............'.........+.
#...#.#####.#####.####.........##
##.##.# #.# ##.......## ####.#
#.# ##.....## #.# #.# ##...## #.#
#.# #+## #.# ..# #.# #.# ###
####.######


There were no monsters in sight!

Vanquished Creatures
  3 adders (D:2)
  An ooze (D:1)
  2 dart slugs
  3 leopard geckos
  7 bats
  A giant cockroach (D:2)
  A goblin (D:2)
  5 hobgoblins (D:2)
  3 jackals (D:1)
  A kobold (D:2)
  A frilled lizard (D:1)
  6 rats
34 creatures vanquished.

Notes
Turn   | Place    | Note
-------+----------+-------------------------------------------
     0 | D:1      | kae the Tengu Transmuter began the quest for the Orb.
     0 | D:1      | Reached XP level 1. HP: 12/12 MP: 4/4
   234 | D:1      | Reached XP level 2. HP: 12/16 MP: 4/6
  1335 | D:2      | Reached XP level 3. HP: 15/20 MP: 5/7
  1416 | D:2      | Learned a level 3 spell: Spider Form
  1901 | D:2      | Reached skill level 4 in Unarmed Combat
  2085 | D:2      | Reached XP level 4. HP: 22/25 MP: 8/8
  2480 | D:2      | Noticed Sigmund
  2491 | D:2      | Slain by Sigmund

Illustrated notes

Levels and vault maps discovered:
D:1:      dpeg_arrival_rooms_c, layout_basic
D:2:      layout_loops_corners, uniq_sigmund

Skill      XL: |  1  2  3  4 |
---------------+-------------+-----
Transmutations | 2 3 |  3.1
Unarmed Combat | 4 |  4.1
Fighting       | |  1.0
Dodging        | |  2.1
Spellcasting   | |  2.0

Action                   |  1- 3 |  4- 6 || total
-------------------------+-------+-------++-------
Melee: Unarmed           |    75 |    24 ||    99
       Kick              |    12 |     3 ||    15
       Peck              |     3 |     2 ||     5
       Headbutt          |     5 |     1 ||     6
 Cast: Beastly Appendage |    15 |     6 ||    21
       Spider Form       |       |     1 ||     1
  Use: Scroll            |     2 |       ||     2
 Stab: Sleeping          |     2 |       ||     2
Armor: Robe              |    19 |     1 ||    20
Dodge: Dodged            |    41 |    18 ||    59

Table legend: (Time is in decaauts)
 A = Elapsed time spent in this place.
 B = Non-inter-level travel time spent in this place.
 C = Inter-level travel time spent in this place.
 D = Time resting spent in this place.
 E = Time spent auto-exploring this place.
 F = Levels seen in this place.
 G = Mean time per level.
                   A        B        C        D        E       F      G
               +--------+--------+--------+--------+--------+-----+--------+
         Total |   2484 |   2402 |     82 |      0 |   2151 |   2 | 1242.0 |
       Dungeon |   2484 |   2402 |     82 |      0 |   2151 |   2 | 1242.0 |
               +--------+--------+--------+--------+--------+-----+--------+

Top non-repeatable levels by time:
     D:2: 1380 daAuts
     D:1: 1104 daAuts
